 Dungeon Crawl Stone Soup version 0.20.1-2-g1830e616b0 (webtiles) character file.

13197 Pixllover the Cleaver (level 11, 0/89 HPs)
             Began as a Minotaur Berserker on Dec 7, 2019.
             Was a High Priest of Trog.
             Splashed by an acid dragon's acid (7 damage)
             ... on level 12 of the Dungeon.
             The game lasted 00:39:12 (9992 turns).

Pixllover the Cleaver (Minotaur Berserker)          Turns: 9992, Time: 00:39:13

Health: 0/89       AC: 12    Str: 25    XL:     11   Next: 72%
Magic:  10/10      EV: 13    Int:  4    God:    Trog [*****.]
Gold:   638        SH:  0    Dex: 10    Spells: 10/10 levels left

rFire    . . .     SeeInvis .   y - +1 executioner's axe (drain)
rCold    . . .     Gourm    .   (shield currently unavailable)
rNeg     . . .     Faith    .   o - +5 scale mail
rPois    .         Spirit   .   (helmet restricted)
rElec    .         Reflect  .   e - +1 cloak
rCorr    .         Harm     .   (no gloves)
MR       .....                  (no boots)
Stlth    +.........             G - amulet of regeneration
Regen    0.7/turn               F - ring of stealth
MPRegen  0.2/turn               (no ring)

@: corroded
A: retaliatory headbutt, horns 2, blurry vision 1, frail 1
a: Berserk, Trog's Hand, Brothers in Arms, Burn Spellbooks, Renounce Religion


You were on level 12 of the Dungeon.
You worshipped Trog.
Trog was extremely pleased with you.
You were not hungry.

You visited 1 branch of the dungeon, and saw 12 of its levels.

You collected 638 gold pieces.

Inventory:

Hand Weapons
 y - a +1 executioner's axe of draining (weapon)
 P - a +2 vampiric broad axe
Missiles
 p - 14 tomahawks (quivered)
Armour
 e - a +1 cloak (worn)
 o - a +5 scale mail (worn)
Jewellery
 F - a ring of stealth (left hand)
 G - an amulet of regeneration (around neck)
Wands
 d - a wand of random effects (20/48)
 f - a wand of digging (8/24)
 i - a wand of acid (7/15)
 m - a wand of flame (13/48)
 t - a wand of lightning (12/15)
 u - a wand of enslavement (15/24)
 A - a wand of random effects (26/48)
 B - a wand of random effects (16/48)
 E - a wand of enslavement (16/24)
 K - a wand of flame (29/48)
 N - a wand of random effects (10/48)
Scrolls
 g - 5 scrolls of enchant armour
 h - 7 scrolls of remove curse
 l - a scroll of enchant weapon
 r - a scroll of recharging
 s - a scroll of blinking
 L - a scroll of teleportation
Potions
 a - a potion of cancellation
 n - 6 potions of might
 v - 3 potions of flight
 w - a potion of magic
 x - a potion of berserk rage
 z - 2 potions of brilliance
 C - 4 potions of agility
 H - 3 potions of curing
 J - a potion of resistance
 O - a potion of mutation {unknown}
Comestibles
 b - 5 fruits
 c - 9 bread rations
 j - 7 royal jellies
 q - 7 meat rations
 M - 9 chunks of flesh


   Skills:
 + Level 9.6 Fighting
 + Level 12.7 Axes
   Level 10.4 Staves
 + Level 10.8 Armour
 + Level 6.7 Dodging
 + Level 2.1 Stealth
 + Level 0.5 Evocations


You had 10 spell levels left.
You didn't know any spells.

Dungeon Overview and Level Annotations

Branches:
Dungeon (12/15)            Temple (0/1) D:6            Lair (0/6) D:8
    Orc: D:9-12

Altars:
Fedhas
Makhleb
Uskayaw
Vehumet
Xom

Shops:
D:7 *:?(%


Innate Abilities, Weirdness & Mutations

You reflexively headbutt those who attack you in melee.
You have a pair of horns on your head.
Scrolls take you a little longer to read.
You are frail. (-10% HP)


Message History

The magic dart hits you! The acid dragon spits acid at you.
The splash of acid hits you!
* * * LOW HITPOINT WARNING * * *
You are splashed with acid!
The acid burns!
* * * LOW HITPOINT WARNING * * *
You hear a shout! x2
An ogre comes into view. It is wielding a giant club.
The centaur zombie completely misses you.
The acid dragon bites you.
* * * LOW HITPOINT WARNING * * *
The acid dragon closely misses you. The centaur zombie misses you.
You slice the centaur zombie!!
The centaur zombie is almost destroyed.
You hit the acid dragon. The centaur zombie misses you.
The acid dragon spits acid at you. The splash of acid hits you!
* * * LOW HITPOINT WARNING * * *
The acid corrodes you!
You are splashed with acid!
The acid burns!
You die...

#..........
#..........
#..........
###O.........
##......z.....
#....<........
###...........
##.DK.......
###@Z...o....
#...)).......
#.#.......o..
##...........
##........$.
###........
.........
.........
#.....


You could see a skeletal warrior, an acid dragon, a big kobold, an ogre, an orc
wizard, an orc and a centaur zombie.

Vanquished Creatures
  2 two-headed ogres
  A skeletal warrior (D:10)
  An ugly thing (D:9)
  4 centaur skeletons
  A troll (D:11)
  2 hippogriffs (D:11)
  2 wyverns
  12 yaks
  2 hungry ghosts
  Grum (D:11)
  The ghost of peterlawrence the Shield-Bearer, an amateur GrFi (D:3)
  An acid dragon (D:11)
  Duvessa (D:6)
  A porcupine (D:5)
  3 ice beasts
  7 orc warriors
  An eye of draining (D:9)
  An ice beast (shapeshifter) (D:11)
  6 ogres
  4 phantoms
  3 wolves (D:11)
  7 centaurs
  2 big kobolds
  A crocodile (D:11)
  4 bullfrogs
  Dowan (D:6)
  A water moccasin zombie (D:9)
  3 scorpions
  4 wights (D:9)
  12 killer bees (D:8)
  2 howler monkeys
  4 crimson imps
  A bullfrog zombie (D:10)
  A centaur zombie (D:6)
  3 quasits
  7 jellies
  3 hounds
  12 orc wizards
  8 orc priests
  Crazy Yiuf (D:2)
  2 bullfrog skeletons (D:5)
  Terence (D:2)
  8 worker ants
  3 iguanas
  2 hound skeletons
  4 gnolls (D:5)
  A howler monkey zombie (D:8)
  8 adders
  5 shadow imps
  An adder zombie (D:5)
  8 oozes (D:3)
  3 worms
  2 dart slugs
  6 leopard geckos
  33 orcs
  3 giant cockroaches
  6 goblins (D:1)
  7 hobgoblins
  14 jackals
  37 kobolds
  2 quokkas
  A ball python (D:2)
  4 bats
  6 frilled lizards
  A leopard gecko skeleton (D:5)
  A quokka skeleton (D:5)
  6 rats
309 creatures vanquished.

Vanquished Creatures (collateral kills)
  2 skeletal warriors (D:10)
2 creatures vanquished.

Vanquished Creatures (others)
  A crimson imp (D:6)
  A bullfrog skeleton (D:4)
  3 fungi (D:3)
  9 toadstools (D:3)
14 creatures vanquished.

Grand Total: 325 creatures vanquished

Notes
Turn   | Place    | Note
-------+----------+-------------------------------------------
     0 | D:1      | Pixllover the Minotaur Berserker began the quest for the Orb.
     0 | D:1      | Reached XP level 1. HP: 19/19 MP: 0/0
   334 | D:1      | Reached XP level 2. HP: 23/27 MP: 1/1
   466 | D:1      | Reached skill level 4 in Axes
   966 | D:2      | Reached XP level 3. HP: 25/33 MP: 2/2
  1286 | D:2      | Found a blossoming altar of Fedhas.
  1402 | D:2      | Reached ** piety under Trog
  1434 | D:2      | Noticed Terence
  1462 | D:2      | Killed Terence
  1462 | D:2      | Reached XP level 4. HP: 20/40 MP: 3/3
  1825 | D:2      | Found a runed door.
  2016 | D:2      | Noticed Crazy Yiuf
  2020 | D:2      | Killed Crazy Yiuf
  2020 | D:2      | Reached skill level 5 in Axes
  2343 | D:3      | Reached XP level 5. HP: 33/46 MP: 4/4
  2357 | D:3      | Reached skill level 1 in Staves
  2384 | D:3      | Reached XP level 6. HP: 27/53 MP: 5/5
  2878 | D:3      | Noticed peterlawrence's ghost (amateur GrFi)
  2894 | D:3      | Killed peterlawrence's ghost
  2894 | D:3      | Reached skill level 5 in Armour
  2929 | D:3      | Reached *** piety under Trog
  3124 | D:4      | Reached skill level 5 in Fighting
  3124 | D:4      | Reached skill level 1 in Stealth
  3124 | D:4      | Reached XP level 7. HP: 47/61 MP: 6/6
  3157 | D:4      | Found a radiant altar of Vehumet.
  3289 | D:4      | Reached skill level 5 in Staves
  3516 | D:4      | Reached **** piety under Trog
  4098 | D:5      | Entered Level 5 of the Dungeon
  4212 | D:5      | Found a hide-covered altar of Uskayaw.
  4289 | D:5      | Reached XP level 8. HP: 69/69 MP: 7/7
  4791 | D:5      | HP: 5/105 [gnoll/halberd (1)]
  5393 | D:6      | Noticed Dowan
  5393 | D:6      | Noticed Duvessa
  5407 | D:6      | Reached XP level 9. HP: 67/78 MP: 8/8
  5408 | D:6      | Killed Duvessa
  5409 | D:6      | Killed Dowan
  5963 | D:6      | Found a staircase to the Ecumenical Temple.
  6058 | D:7      | Got a shadowed robe
  6171 | D:7      | Found Lurea's Assorted Antiques.
  6276 | D:7      | Found Miosat's Magic Scroll Emporium.
  6296 | D:7      | Found Xinuahir's Food Boutique.
  6321 | D:7      | Found Affeg's Book Shoppe.
  6351 | D:7      | Found Viesilli's Antique Weapon Shoppe.
  6680 | D:8      | Reached ***** piety under Trog
  6702 | D:8      | Found a staircase to the Lair.
  6751 | D:8      | Reached skill level 10 in Staves
  6916 | D:8      | Reached skill level 5 in Dodging
  7045 | D:8      | Found a transporter.
  7062 | D:8      | Noticed a cyclops
  7062 | D:8      | Found a burning altar of Makhleb.
  7065 | D:8      | Found a transporter.
  7184 | D:8      | Reached XP level 10. HP: 49/86 MP: 9/9
  7426 | D:9      | Reached skill level 6 in Axes
  7684 | D:9      | Reached skill level 7 in Axes
  7726 | D:9      | Noticed a two-headed ogre
  7734 | D:9      | Killed a two-headed ogre
  7734 | D:9      | Reached skill level 8 in Axes
  7780 | D:9      | Noticed a brown ugly thing
  7792 | D:9      | Killed a brown ugly thing
  7812 | D:9      | Gained mutation: Scrolls take you a little longer to read. [mutagenic meat]
  7813 | D:9      | Gained mutation: You are frail. (-10% HP) [mutagenic meat]
  7879 | D:9      | Reached skill level 9 in Axes
  7975 | D:9      | Found a shimmering altar of Xom.
  8232 | D:10     | Entered Level 10 of the Dungeon
  8232 | D:10     | Noticed a skeletal warrior
  8232 | D:10     | Noticed a skeletal warrior
  8232 | D:10     | Noticed a skeletal warrior
  8232 | D:10     | Noticed a skeletal warrior
  8275 | D:10     | Reached skill level 10 in Axes
  8307 | D:10     | Paralysed by fainting for 11 turns
  8323 | D:10     | Received a gift from Trog
  8353 | D:10     | Reached XP level 11. HP: 79/85 MP: 10/10
  8556 | D:10     | Killed a skeletal warrior
  8556 | D:10     | Reached skill level 10 in Armour
  8613 | D:10     | Got a fine quarterstaff
  8674 | D:10     | Killed a skeletal warrior
  8676 | D:10     | Killed a skeletal warrior
  8676 | D:10     | Reached skill level 11 in Axes
  9324 | D:11     | Reached skill level 12 in Axes
  9798 | D:11     | Noticed Grum
  9813 | D:11     | Killed Grum
  9813 | D:11     | Received a gift from Trog
  9971 | D:12     | Noticed a two-headed ogre
  9979 | D:12     | Killed a two-headed ogre
  9992 | D:12     | Splashed by an acid dragon's acid

Skill      XL: |  1  2  3  4  5  6  7  8  9 10 11 |
---------------+----------------------------------+-----
Axes           | 4 5 10 12 | 12.7
Fighting       | 4 5 6 7 8 9 |  9.6
Armour         | 3 4 5 6 7 9 10 | 10.8
Staves         | 2 4 6 9 10 | 10.4
Dodging        | 3 4 5 6 |  6.7
Stealth        | 1 2 |  2.1
Evocations     | |  0.5

Action                   |  1- 3 |  4- 6 |  7- 9 | 10-12 || total
-------------------------+-------+-------+-------+-------++-------
Melee: Hand axe          |   106 |     4 |       |       ||   110
       Headbutt          |    14 |    12 |    33 |    53 ||   112
       Quarterstaff      |       |    81 |   215 |       ||   296
       Battleaxe         |       |       |    48 |   153 ||   201
       Executioner's axe |       |       |       |   157 ||   157
Invok: Berserk           |       |       |     2 |     3 ||     5
       Burn Spellbooks   |       |       |     1 |     1 ||     2
       Brothers in Arms  |       |       |       |     1 ||     1
Evoke: Wand              |       |       |     2 |       ||     2
  Use: Scroll            |       |     2 |    15 |     6 ||    23
       Potion            |       |     8 |     4 |     2 ||    14
 Stab: Distracted        |       |       |       |     1 ||     1
       Sleeping          |       |       |       |     1 ||     1
  Eat: Chunk             |     2 |     4 |    14 |    15 ||    35
       Fruit             |       |     1 |     1 |     3 ||     5
       Royal jelly       |       |       |       |     1 ||     1
Armor: Chain mail        |    20 |       |       |       ||    20
       Animal skin       |     1 |       |       |       ||     1
       Ring mail         |    21 |       |       |       ||    21
       Scale mail        |       |    45 |   163 |   187 ||   395
       Skin              |       |       |    17 |       ||    17
Dodge: Dodged            |    47 |    54 |   223 |   233 ||   557
